 Dungeon Crawl Stone Soup version 0.23-a0-484-g29ba69c (webtiles) character file.

410 emperorscorpion the Conjurer (level 6, -1/32 HPs)
             Began as a Deep Elf Conjurer on Nov 30, 2018.
             Slain by a crocodile (16 damage)
             ... in a sewer.
             The game lasted 00:06:26 (3430 turns).

emperorscorpion the Conjurer (Deep Elf Conjurer)    Turns: 3430, Time: 00:06:27

Health: -1/32      AC:  3    Str:  5    XL:     6   Next: 58%
Magic:  6/17       EV: 13    Int: 22    God:
Gold:   111        SH:  0    Dex: 15    Spells: 12/17 levels left

rFire    . . .     SeeInvis .   (no weapon)
rCold    . . .     Gourm    .   (no shield)
rNeg     . . .     Faith    .   a - +0 robe
rPois    .         Spirit   .   i - +0 helmet
rElec    .         Reflect  .   (no cloak)
rCorr    .         Harm     .   (no gloves)
MR       .....     Clarity  +   (no boots) Stlth +++.......Rnd*Tele +
                                (no amulet)
HPRegen  0.10/turn              (no ring)
MPRegen  0.15/turn              (no ring)

@: no status effects
A: talons 1, clarity, deterioration 1, teleportitis 1
a: no special abilities


You were in a sewer.
You were hungry.

You visited 1 branch of the dungeon, and saw 3 of its levels.
You also visited: Sewer.

You collected 111 gold pieces.

Inventory:

Armour
 a - a +0 robe (worn)
 f - a cursed +0 scale mail
 i - a +0 helmet (worn)
Scrolls
 b - 2 scrolls of remove curse {unknown}
 d - a scroll of identify {unknown}
 g - 4 scrolls of teleportation {unknown}
 k - a scroll of immolation {unknown}
Potions
 e - 4 potions of curing
 h - a potion of flight {unknown}
Comestibles
 c - 11 rations


   Skills:
 + Level 2.7 Dodging
 + Level 3.6 Stealth
 + Level 0.2 Unarmed Combat
 + Level 6.4 Spellcasting
 + Level 6.7 Conjurations


You had 12 spell levels left.
You knew the following spells:

 Your Spells              Type           Power        Failure   Level  Hunger
a - Magic Dart            Conj           ####         1%          1    None
b - Iskenderun's Mystic   Conj           #####...     5%          4    ###....

Your spell library contained the following spells:

 Spells                   Type           Power        Failure   Level  Hunger
 Searing Ray              Conj           #####.       1%          2    None
 Dazzling Spray           Conj/Hex       ###...       7%          3    #......
 Force Lance              Conj/Tloc      ###.....     22%         4    ###....
 Fulminant Prism          Conj/Hex       ###.......   22%         4    ###....


Dungeon Overview and Level Annotations

Branches:
Dungeon (3/15)

Altars:
Dithmenos
Hepliaklqana
Makhleb


Innate Abilities, Weirdness & Mutations

You have sharp toenails.
You possess an exceptional clarity of mind.
Your body sometimes deteriorates upon taking damage.
You are occasionally teleported next to monsters.


Message History

Found five items.
Casting: Magic Dart (safe; 1% risk of failure)
Confirm with . or Enter, or press ? or * to list all spells.
Aiming: Iskenderun's Mystic Blast (safe; 5% risk of failure)
Press: ? - help, Shift-Dir - straight line, f - crocodile
Aim: a crocodile The orb of energy hits the crocodile.
The crocodile is lightly wounded.
The crocodile bites you!
Ouch! That really hurt!
Casting: Iskenderun's Mystic Blast (safe; 5% risk of failure)
Confirm with . or Enter, or press ? or * to list all spells.
Aiming: Iskenderun's Mystic Blast (safe; 5% risk of failure)
Press: ? - help, Shift-Dir - straight line, f/p - crocodile
Aim: a crocodile (lightly wounded)
The orb of energy misses the crocodile.
The orb of energy explodes!
You are feeling hungry.
The crocodile bites you!
Ouch! That really hurt!
You die...

..≈...
.....# #.
######
###.###
##.....##
#.......#
#.......#
#.......#
#....t..#
#..$!$@.#
##$!%[$##
#######


You could see a crocodile.

Vanquished Creatures
  Grinder (D:3)
  Natasha (twice) (D:2)
  A worker ant (D:2)
  Robin (D:2)
  5 adders
  An ooze (D:1)
  2 dart slugs
  5 leopard geckos
  7 ball pythons
  9 bats
  A giant cockroach (D:2)
  17 goblins
  12 hobgoblins
  3 frilled lizards
  9 kobolds
  7 rats
83 creatures vanquished.

Notes
Turn   | Place    | Note
-------+----------+-------------------------------------------
     0 | D:1      | emperorscorpion the Deep Elf Conjurer began the quest for
                  | the Orb.
     0 | D:1      | Reached XP level 1. HP: 10/10 MP: 6/6
   111 | D:1      | Reached XP level 2. HP: 6/15 MP: 1/8
   575 | D:1      | Reached skill level 5 in Conjurations
  1232 | D:2      | Reached XP level 3. HP: 19/19 MP: 5/9
  1421 | D:2      | Noticed Natasha
  1425 | D:2      | Killed Natasha
  1425 | D:2      | Reached XP level 4. HP: 18/24 MP: 3/11
  1445 | D:2      | Noticed Robin
  1451 | D:2      | Killed Robin
  1611 | D:2      | Found a burning altar of Makhleb.
  1667 | D:2      | Learned a level 4 spell: Iskenderun's Mystic Blast
  1991 | D:2      | Found a faded altar of an unknown god.
  2003 | D:2      | Noticed Natasha
  2007 | D:2      | Killed Natasha
  2011 | D:2      | Reached XP level 5. HP: 28/28 MP: 1/13
  2921 | D:3      | Found a hazy altar of Hepliaklqana.
  2936 | D:3      | Noticed Grinder
  2938 | D:3      | Paralysed by Grinder for 2 turns
  2956 | D:3      | Killed Grinder
  2956 | D:3      | Reached XP level 6. HP: 25/32 MP: 1/17
  2963 | D:3      | Gained mutation: Your body sometimes deteriorates upon
                  | taking damage. [potion of mutation]
  2963 | D:3      | Gained mutation: You have sharp toenails. [potion of
                  | mutation]
  2963 | D:3      | Gained mutation: You are occasionally teleported next to
                  | monsters. [potion of mutation]
  2963 | D:3      | Gained mutation: You possess an exceptional clarity of
                  | mind. [potion of mutation]
  3029 | D:3      | Found a shadowy altar of Dithmenos.
  3349 | D:3      | Found a glowing drain.
  3356 | Sewer    | Entered a sewer
  3430 | Sewer    | Slain by a crocodile

Vault maps used:
D:1:      scummos_arrival_gate
D:2:      lemuel_coloured_pillars_altar, chequers_ecumenical_altar_simple_redux,
          minmay_pentomino_o4, uniq_robin, uniq_natasha
D:3:      nicolae_overflow_crystal_walls, overflow_temple_1_default,
          portal_sewer_entry_e, kennysheep_generic_room_3, uniq_grinder
Sewer:    sewer_big_baddie

Skill      XL: |  1  2  3  4  5 |
---------------+----------------+-----
Conjurations   | 5 6 |  6.7
Stealth        | 3 |  3.6
Spellcasting   | 4 6 |  6.4
Dodging        | |  2.7
Unarmed Combat | |  0.2

Action                   |  1- 3 |  4- 6 || total
-------------------------+-------+-------++-------
Melee: Unarmed           |     5 |     2 ||     7
 Cast: Magic Dart        |    61 |    77 ||   138
       Iskenderun's Myst |       |    15 ||    15
  Use: Potion            |       |     7 ||     7
  Eat: Chunk             |     1 |     8 ||     9
Armor: Robe              |       |    10 ||    10
Dodge: Dodged            |     3 |    24 ||    27

Table legend:
 A = Non-vault XP
 B = Vault XP
 C = Vault XP percentage of total XP
 D = Non-vault monster count
 E = Vault monster count
 F = Vault count percentage of total count
                 A         B        C        D         E       F
            +---------+---------+-------+---------+---------+-------
      Total |     182 |     404 |  68.9 |      56 |      27 |  32.5
            +---------+---------+-------+---------+---------+-------
        D:1 |      37 |       0 |   0.0 |      19 |       0 |   0.0
        D:2 |      93 |     119 |  56.1 |      20 |      17 |  45.9
        D:3 |      52 |     279 |  84.3 |      17 |       6 |  26.1
      Sewer |       0 |       6 | 100.0 |       0 |       4 | 100.0
            +---------+---------+-------+---------+---------+-------
